 Dungeon Crawl Stone Soup version 0.27.1-3-gb3d3a73c9e (webtiles) character file.

Game seed: 13139944334209207546

316 Crownlay the Cleaver (level 6, -10/51 HPs)
             Began as a Hill Orc Fighter on Oct 6, 2021.
             Was an Initiate of Cheibriados.
             Blown up by Ijyb (29 damage)
             ... with a mindburst bolt
             ... on level 3 of the Dungeon.
             The game lasted 00:05:48 (3226 turns).

Crownlay the Cleaver (Hill Orc Fighter)             Turns: 3226, Time: 00:05:49

Health: -10/51     AC:  7    Str: 22    XL:     6   Next: 44%
Magic:  6/6        EV: 11    Int:  9    God:    Cheibriados [......]
Gold:   19         SH:  0    Dex: 11    Spells: 5/5 levels left

rFire    . . .     SeeInvis .   a - +0 war axe
rCold    . . .     Faith    .   (no shield)
rNeg     . . .     Spirit   .   i - +3 leather armour
rPois    .         Reflect  .   b - +0 helmet
rElec    .         Harm     .   (no cloak)
rCorr    .         Rampage  .   (no gloves)
Will     .....                  (no boots)
Stlth    +.........             (no amulet)
HPRegen  0.17/turn              s - +4 ring of slaying
MPRegen  0.10/turn              r - ring of flight

@: flying, very slow
A: no striking features
a: Renounce Religion, Bend Time


You were on level 3 of the Dungeon.
You worshipped Cheibriados.
Cheibriados was noncommittal.
You visited 1 branch of the dungeon, and saw 3 of its levels.

You collected 49 gold pieces.
You spent 30 gold pieces at shops.

Inventory:

Hand Weapons
 a - a +0 war axe (weapon)
 n - a +2 hunting sling of freezing
Missiles
 e - 6 silver boomerangs (quivered)
 j - 170 stones
Armour
 b - a +0 helmet (worn)
 c - a +0 kite shield
 i - a +3 leather armour (worn)
Jewellery
 r - a ring of flight (right hand)
 s - a +4 ring of slaying (left hand)
Scrolls
 d - a scroll of identify
 f - a scroll of noise
 p - a scroll of magic mapping
 q - a scroll of holy word {unknown}
Potions
 g - a potion of haste {unknown}
 h - a potion of mutation {unknown}
 k - a potion of heal wounds
 l - a potion of magic {unknown}
 m - a potion of degeneration {unknown}
 o - 3 potions of lignification
 t - a potion of flight {unknown}


   Skills:
 - Level 3.6 Fighting
 * Level 8.7 Axes
 - Level 3.2 Armour
 - Level 3.2 Shields


You had 5 spell levels left.
You didn't know any spells.
Your spell library contained the following spells:

 Spells                   Type           Power      Damage    Failure   Level
 Shock                    Conj/Air       0%         1d3       43%         1
 Swiftness                Air            0%         N/A       80%         3
 Airstrike                Air            0%         N/A       99%         4


Dungeon Overview and Level Annotations

Branches:
Dungeon (3/15)

Altars:
Cheibriados
Elyvilon

Shops:
D:1 [   D:3 ?

Annotations:
D:3 Ijyb


Message History

You barely miss the hobgoblin. The hobgoblin hits you.
You hit the hobgoblin.
The hobgoblin is severely wounded.
The hobgoblin barely misses you.
You slash the hobgoblin!
You kill the hobgoblin!
Cheibriados appreciates the change of pace.
The kobold barely misses you.
You closely miss the kobold. The kobold barely misses you.
You barely miss the kobold. The kobold hits you but does no damage.
You slash the kobold!
You kill the kobold!
Cheibriados appreciates the change of pace.
No target in view!
No target in view!
o - 3 potions of lignification (gained 2)
You see here a hobgoblin corpse.
r - a ring of flight
Things that are here:
a +0 club; a kobold corpse
s - a +4 ring of slaying
s - a +4 ring of slaying (left hand)
Okay, then.
You fly up into the air.
r - a ring of flight (right hand)
t - a coppery potion Your +2 hunting sling of freezing is covered in frost.
n - a +2 hunting sling of freezing (weapon)
Ijyb the Twisted Goblin comes into view.
She is wielding a +0 club and carrying a wand of mindburst (5).
Ijyb shouts!
You shoot a stone. The stone barely misses Ijyb.
No target in view!
Ijyb zaps a wand.
Your mind is blasted!
Ouch! That really hurt!
Your +2 hunting sling of freezing stops glowing.
a - a +0 war axe (weapon)
You are too injured to fight recklessly!
Ijyb zaps a wand.
Your mind is blasted!
Ouch! That really hurt!
You die...

.. ##........## #### . #.
###........## #..> ##... .
#...........# #... ....# (.
###...........# #... ...# #..
........).....###... ...# #...
................... ....# ....
###.....†....##.... ##...
##..######........##..... .###.
#....g..@............#... ...#
#.......#####...###..###...
...........##.###....###...# #...
.#..#....#......#.##.###.### ####
...........##.#...##...>..#
.......................####
........#..............##
.....###................###
#.....................#...#######


You could see Ijyb.

Vanquished Creatures
  Grinder (D:3)
  Jessica (D:3)
  Robin (D:2)
  2 adders
  2 worms
  2 bats
  5 endoplasms
  3 giant cockroaches
  18 goblins
  10 hobgoblins
  A quokka (D:1)
  7 ball pythons
  2 frilled lizards (D:1)
  7 kobolds
  6 rats
68 creatures vanquished.

Notes
Turn   | Place    | Note
-------+----------+-------------------------------------------
     0 | D:1      | Crownlay the Hill Orc Fighter began the quest for the Orb.
     0 | D:1      | Reached XP level 1. HP: 19/19 MP: 1/1
    72 | D:1      | Found Jaofaura's Armour Boutique.
    82 | D:1      | Reached skill level 3 in Axes
   267 | D:1      | Reached XP level 2. HP: 26/26 MP: 2/2
   729 | D:1      | Reached skill level 4 in Axes
  1094 | D:1      | Reached XP level 3. HP: 31/31 MP: 3/3
  1628 | D:2      | Reached skill level 5 in Axes
  1743 | D:2      | Noticed Robin
  1753 | D:2      | Killed Robin
  1754 | D:2      | Reached XP level 4. HP: 19/39 MP: 4/4
  2160 | D:2      | Reached skill level 6 in Axes
  2549 | D:3      | Found a white marble altar of Elyvilon.
  2603 | D:3      | Found a snail-covered altar of Cheibriados.
  2785 | D:3      | Noticed Jessica
  2790 | D:3      | Noticed Grinder
  2814 | D:3      | HP: 1/39 [Grinder/nerve-wracking pain (5)]
  2815 | D:3      | Killed Jessica
  2816 | D:3      | Reached XP level 5. HP: 1/45 MP: 5/5
  2835 | D:3      | Killed Grinder
  2836 | D:3      | Reached skill level 8 in Axes
  2836 | D:3      | Reached XP level 6. HP: 17/51 MP: 6/6
  3042 | D:3      | Became a worshipper of Cheibriados the Contemplative
  3075 | D:3      | Found Fugiota's Magic Scroll Shop.
  3083 | D:3      | Bought a scroll of identify for 20 gold pieces
  3083 | D:3      | Bought a scroll of noise for 10 gold pieces
  3219 | D:3      | Noticed Ijyb
  3226 | D:3      | Blown up by Ijyb

Illustrated notes

Levels and vault maps discovered:
D:1:      amcnicky_arrival_flooded_fountain, layout_loops_cross, serial_shops,
          shop, roderic_lattice_a
D:2:      layout_loops_ring, uniq_robin
D:3:      layout_rooms, mainiacjoe_overflow_tiny_flanked, elyvilon_altar_3,
          serial_shops, nicolae_shop_crystal, minmay_misc_feat_iff,
          uniq_grinder, uniq_jessica, uniq_ijyb

Skill      XL: |  1  2  3  4  5 |
---------------+----------------+-----
Axes           | 3 4 5 6 8 |  8.7
Fighting       | |  3.6
Armour         | |  3.2
Shields        | |  3.2

Action                   |  1- 3 |  4- 6 || total
-------------------------+-------+-------++-------
Melee: War axe           |    89 |    38 ||   127
 Fire: Hunting sling     |     6 |    61 ||    67
Throw: Boomerang         |       |     1 ||     1
  Use: Potion            |       |     2 ||     2
       Scroll            |       |     3 ||     3
Armor: Scale mail        |    18 |       ||    18
       Leather armour    |    20 |    19 ||    39
Dodge: Dodged            |    52 |    40 ||    92
